 Dungeon Crawl Stone Soup version 0.17-a0-1174-ge06b3cc (webtiles) character file.

283392 Lugonue the Eclecticist (level 19, -2/129 HPs)
             Began as a High Elf Skald on May 28, 2015.
             Was a High Priest of Okawaru.
             Slain by a deep elf blademaster
             ... wielding a +1 short sword of protection
              (14 damage)
             ... on level 2 of the Elven Halls on May 29, 2015.
             The game lasted 06:16:32 (43267 turns).

Lugonue the Eclecticist (High Elf Skald)           Turns: 43267, Time: 06:16:32

Health: -2/129     AC: 29    Str: 16    XL:     19   Next: 75%
Magic:  19/42      EV: 26    Int: 22    God:    Okawaru [*****.]
Gold:   2474       SH: 10    Dex: 22    Spells: 11 memorised, 14 levels left

rFire  + + .     SeeInvis +     J - +0 demon blade (distort)
rCold  . . .     Clarity  .     q - +5 scale mail of Happiness {rF+ rC- rCorr Int+5}
rNeg   . . .     SustAt   .     E - +2 buckler {reflect}
rPois  .         Gourm    .     S - +2 helmet {SInv}
rElec  +         Spirit   .     B - +2 cloak {MR+}
rCorr  +         Warding  .     T - +2 pair of gloves {Dex+3}
rMut   +         Stasis   .     L - +2 pair of boots {Fly}
MR     ++...                    Z - amulet "Ruerrere" {rMut Slay+3}
Stlth  +++.......               a - ring "Qid Gawi" {rElec rF+ rC+}
                                t - ring of wizardry

@: death channel, heroism, studying Conjurations, drained, very resistant to
hostile enchantments, fairly stealthy
A: no striking features
a: Heroism, Finesse, Renounce Religion, Evoke Flight
}: 2/15 runes: serpentine, barnacled


You were on level 2 of the Elven Halls.
You worshipped Okawaru.
Okawaru was extremely pleased with you.
You were not hungry.

You visited 7 branches of the dungeon, and saw 41 of its levels.
You also visited: Labyrinth, Ice Cave and Wizlab.

You collected 4720 gold pieces.
You spent 2246 gold pieces at shops.

Inventory:

Hand weapons
 g - a +1 great sword of flaming
 y - the +10 triple sword "Firhaz" {slice, rElec MP+9 Str-4}
   (Okawaru gifted it to you on level 4 of the Vaults)

   It inflicts extra damage upon your enemies.
   It affects your strength (-4).
   It insulates you from electricity.
   It affects your magic capacity (+9).
 J - a +0 demon blade of distortion (weapon)
 X - a +4 great sword of slicing
Armour
 c - a +1 cloak of poison resistance
 q - the +5 scale mail of Happiness (worn) {rF+ rC- rCorr Int+5}
   (You found it on level 1 of the Elven Halls)

   It affects your intelligence (+5).
   It protects you from fire.
   It makes you vulnerable to cold.
   It protects you from acid and corrosion.
 B - a +2 cloak of magic resistance (worn)
 E - a +2 buckler of reflection (worn)
 L - a +2 pair of boots of flying (worn)
 S - a +2 helmet of see invisible (worn)
 T - a +2 pair of gloves of dexterity (worn)
Jewellery
 a - the ring "Qid Gawi" (right hand) {rElec rF+ rC+}
   (You found it in an ice cave)

   [ring of protection from cold]

   It protects you from fire.
   It protects you from cold.
   It insulates you from electricity.
 t - a ring of wizardry (left hand)
 P - an uncursed amulet of clarity
 Z - the amulet "Ruerrere" (around neck) {rMut Slay+3}
   (You bought it in a shop on level 2 of the Snake Pit)

   [amulet of resist mutation]

   It protects you from mutation.
   It affects your accuracy and damage with ranged weapons and melee attacks
   (+3).
Magical devices
 b - a wand of digging (1)
 k - a wand of digging (12)
 x - a wand of heal wounds (0)
 I - a wand of hasting (1)
 M - a wand of slowing (25)
Scrolls
 i - 24 scrolls of remove curse
 j - 3 scrolls of blinking
 o - a scroll of amnesia
 p - 17 scrolls of identify
 u - a scroll of fog
 v - 10 scrolls of teleportation
 w - 3 scrolls of magic mapping
 A - a scroll of fear
 O - 2 scrolls of holy word
 Q - 2 scrolls of silence
 Y - 6 scrolls of immolation
Potions
 e - 3 potions of invisibility
 f - 3 potions of haste
 h - 11 potions of curing
 m - 11 potions of agility
 n - 2 potions of brilliance
 r - a potion of magic
 s - a potion of cancellation
 z - a potion of berserk rage
 D - 2 potions of might
 G - 3 potions of resistance
 K - 3 potions of cure mutation
Books
 C - a manual of Conjurations
 F - Yphol's Catalogue of Floating Combat Magic
   (You found it on level 1 of the Elven Halls)

   Spells                             Type                      Level
   a - Flame Tongue                   Conjuration/Fire             1
   b - Shock                          Conjuration/Air              1
   c - Conjure Flame                  Conjuration/Fire             3
   d - Mephitic Cloud                 Conjuration/Poison/Air       3
   e - Lightning Bolt                 Conjuration/Air              5
Miscellaneous
 l - a phial of floods
Comestibles
 d - 23 bread rations
 H - 3 chunks of flesh
 V - 3 meat rations


   Skills:
 - Level 11.5(16.4) Fighting
 - Level 17.0(21.9) Long Blades
 - Level 10.0(14.9) Armour
 + Level 14.0(18.9) Dodging
 - Level 4.7(9.7) Stealth
 - Level 5.1(10.0) Shields
 + Level 18.3 Spellcasting
 - Level 2.0 Hexes
 - Level 8.0 Charms
 - Level 11.5(11.4) Necromancy
 + Level 13.3(13.2) Translocations
 - Level 5.9 Air Magic
 - Level 2.0(1.9) Invocations
 - Level 0.8(0.7) Evocations


You had 14 spell levels left.
You knew the following spells:

 Your Spells              Type           Power        Failure   Level  Hunger
a - Phase Shift           Tloc           ######....   1%          5    None
b - Shroud of Golubria    Chrm/Tloc      ######....   1%          2    None
c - Regeneration          Chrm/Necr      ######....   1%          3    None
d - Spectral Weapon       Hex/Chrm       #####...     1%          3    None
e - Mephitic Cloud        Conj/Pois/Air  ####....     4%          3    None
f - Control Undead        Necr           ######....   1%          4    None
g - Cigotuvi's Embrace    Necr           ######....   1%          5    None
h - Death Channel         Necr           ######....   4%          6    ####...
i - Repel Missiles        Chrm/Air       ######       1%          2    None
j - Swiftness             Chrm/Air       ######..     1%          2    None
k - Warp Weapon           Chrm/Tloc      ######....   1%          5    None


Dungeon Overview and Level Annotations

Branches:
Dungeon (15/15)            Temple (0/1) D:7            Lair (8/8) D:11
 Shoals (4/4) Lair:3        Snake (4/4) Lair:6        Slime (0/6) Lair:8
    Orc (4/4) D:12            Elf (2/3) Orc:4        Vaults (4/5) D:14
 Depths (0/5) D:15
  Crypt: Vaults:2-3

Altars:
Dithmenos
Elyvilon
Fedhas
Gozag
Kikubaaqudgha
Makhleb
Okawaru
Qazlal
Trog
Vehumet
Zin
Beogh
Jiyva

Shops:
D:8 !   D:15 [   Orc:3 *   Orc:4 **?:   Shoals:4 %%   Snake:2 *   Snake:4 =
Vaults:2 %   Vaults:3 (

Annotations:
Lair:3 exclusion: hydra
Lair:4 exclusion: hydra
Lair:7 exclusion: door
Abyss:1 Rupert


Message History

You block the deep elf blademaster's attack.
The deep elf blademaster hits you but does no damage.
The deep elf priest completely misses you.
The scimitar of holy wrath hits you!
* * * LOW HITPOINT WARNING * * *
The deep elf blademaster hits you with a short sword of protection.
* * * LOW HITPOINT WARNING * * *
You block the deep elf blademaster's attack.
You completely miss the deep elf blademaster.
The deep elf blademaster is almost dead.
You feel sick.
You are no longer poisoned.
The deep elf fighter points at you and mumbles some strange words.
The magic dart hits you!
* * * LOW HITPOINT WARNING * * *
The deep elf priest calls down the wrath of its god upon you.
Something smites you!
* * * LOW HITPOINT WARNING * * *
The deep elf blademaster hits you with a short sword of protection!
You die...

...##...###'......##
####...## ##.....##
.......# #.....##
.)....## #......##
....### ##......#
##### # ##))...# #.
##..)).##
...##....e##
.........@##
........e(e##
.....#......#
....###.)..## .e.#
##..## ... #...# ..
#..... ........
..e.....##


You could see a deep elf blademaster, a deep elf priest, a deep elf fighter and
a scimitar of holy wrath.

Vanquished Creatures
  Saint Roka (Orc:4)
  Nikola (Vaults:3)
  A Hellbinder (WizLab)
  A tentacled monstrosity (Vaults:4)
  Gastronok (Orc:1)
  A sphinx (Vaults:3)
  A storm dragon (Vaults:4)
  5 greater nagas
  2 fire giants (Vaults:4)
  Ilsuiw (Shoals:3)
  3 azure jellies (Lair:8)
  A frost giant (Vaults:3)
  5 vault wardens
  5 stone giants
  2 reapers (WizLab)
  2 very ugly things
  4 ironheart preservers
  A deep elf annihilator (Elf:2)
  2 rakshasas (Vaults:1)
  A spectral weapon (Vaults:3)
  4 ettins
  Snorg (Orc:4)
  3 merfolk javelineers
  A deep elf death mage (Elf:2)
  6 merfolk impalers
  A fire dragon (Vaults:2)
  Josephine (Orc:4)
  4 ogre magi
  5 vault guards
  A deep elf high priest (Vaults:4)
  An ice dragon (Vaults:4)
  A great orb of eyes (shapeshifter) (Vaults:4)
  An entropy weaver (Vaults:4)
  2 hydras
  Fannar (Orc:1)
  9 yaktaur captains
  A great orb of eyes (Vaults:4)
  12 naga warriors
  2 hell beasts (WizLab)
  3 anacondas
  6 dancing weapons (Elf:2)
  5 merfolk aquamancers
  5 centaur warriors
  A satyr (Shoals:3)
  4 orc high priests
  A death yak (IceCv)
  A tengu warrior (D:15)
  7 naga sharpshooters
  Urug (Lair:4)
  3 shock serpents
  A fire crab (Vaults:1)
  A shadow wraith (Vaults:3)
  2 skeletal warriors (Vaults:3)
  2 ice devils (WizLab)
  A sun demon (WizLab)
  2 unseen horrors (shapeshifter) (Vaults:1)
  10 deep elf knights
  8 sea snakes
  A salamander mystic (Snake:4)
  8 deep elf summoners
  A naga ritualist (Snake:1)
  4 unseen horrors
  Pikel (D:4)
  A phantasmal warrior (Vaults:4)
  13 harpies
  9 deep elf conjurers
  4 hill giants
  2 wolf spider zombies
  11 ironbrand convokers
  3 mana vipers
  14 ugly things
  4 water nymphs
  A cyclops (D:13)
  5 wolf spiders
  15 orc knights
  A tengu skeleton (Vaults:3)
  4 fauns (Shoals:1)
  7 griffons
  6 manticores
  5 orc sorcerers
  A rust devil (WizLab)
  4 vault sentinels
  6 elephants
  2 sirens
  3 salamanders (Snake:4)
  A hornet (Vaults:4)
  Maurice (D:13)
  An elephant (shapeshifter) (D:15)
  5 naga magi
  A guardian serpent (shapeshifter) (Vaults:4)
  5 guardian serpents
  A torpor snail (Lair:8)
  13 yaktaurs
  7 spiny frogs
  19 black mambas
  A hellion (WizLab)
  A tormentor (WizLab)
  An orange demon (WizLab)
  A demonic crawler (Elf:1)
  4 komodo dragons
  A merfolk (shapeshifter) (Vaults:3)
  5 deep elf priests
  2 fire drakes
  4 freezing wraiths
  3 blue devils
  18 blink frogs
  17 merfolk
  3 wandering mushrooms (Lab)
  A tengu conjurer (D:14)
  3 boulder beetles
  8 polar bears
  2 trolls
  A wind drake (Shoals:3)
  Grinder (D:4)
  8 slime creatures
  3 ravens (D:15)
  A raiju (Lair:8)
  10 two-headed ogres
  5 snapping turtles
  5 wraiths
  Sigmund (D:3)
  2 shadows
  5 wyverns
  A ynoxinul (WizLab)
  7 redbacks
  A trapdoor spider (D:15)
  7 water elementals
  A human (shapeshifter) (Vaults:4)
  71 yaks
  A vampire mosquito (D:14)
  A hungry ghost (D:15)
  6 basilisks
  25 deep elf magi
  15 hippogriffs
  A steam dragon (D:11)
  19 nagas
  A warg (shapeshifter) (Vaults:1)
  A mottled dragon (Vaults:2)
  22 deep elf fighters
  19 wolves
  A soldier ant (D:11)
  A swamp worm (Lair:8)
  14 water moccasins
  7 wargs
  12 porcupines
  Duvessa (D:5)
  32 orc warriors
  2 necrophages
  2 hell hounds (Lair:8)
  5 sky beasts
  5 black bears (Lair:8)
  An eye of draining (shapeshifter) (Vaults:1)
  A wasp (D:12)
  2 ice beasts
  14 centaurs
  A phantom (D:10)
  16 crocodiles
  4 human skeletons (Vaults:3)
  A slave (D:4)
  36 ogres
  Blork the orc (D:4)
  16 giant frogs
  4 big kobolds
  Dowan (D:5)
  A water moccasin zombie (D:10)
  A wyvern skeleton (D:11)
  An orc simulacrum (Vaults:1)
  4 killer bees
  6 scorpions
  3 wights (D:11)
  3 electric eels
  A human simulacrum (Vaults:3)
  2 giant frog zombies
  16 hounds
  A quasit (D:11)
  5 crimson imps
  3 giant frog skeletons
  7 centaur skeletons
  32 orc priests
  8 two-headed ogre zombies (Orc:1)
  A jelly (D:12)
  33 orc wizards
  13 worker ants
  2 hell rats
  Jessica (D:3)
  10 iguanas
  7 sheep
  A hound zombie (D:6)
  12 adders
  39 river rats
  4 shadow imps
  6 ufetubi
  2 oozes
  An adder zombie (D:6)
  4 worms
  10 giant geckos
  202 orcs
  A ball python (D:1)
  25 bats
  A bat zombie (D:7)
  10 giant cockroaches
  22 goblins
  15 hobgoblins
  4 jackals
  27 kobolds
  4 quokkas
  A giant gecko skeleton (D:7)
  14 giant newts
  A jackal zombie (D:7)
  14 rats
  2 rat zombies (D:8)
  2 crawling corpses (Vaults:4)
  2 plants
1435 creatures vanquished.

Vanquished Creatures (collateral kills)
  Jorgrun (Snake:4)
  A kraken (Shoals:1)
  A storm dragon (Vaults:4)
  4 greater nagas
  A deep elf sorcerer (Elf:1)
  3 ironheart preservers
  An ettin (Vaults:3)
  A merfolk javelineer (Shoals:1)
  6 merfolk impalers
  A great orb of eyes (Vaults:2)
  An entropy weaver (Vaults:2)
  4 naga warriors
  A merfolk avatar (Shoals:1)
  An alligator snapping turtle (Shoals:3)
  5 ogre magi
  A merfolk aquamancer (Shoals:4)
  6 naga sharpshooters
  Sonja (D:14)
  2 shock serpents
  An ice devil (Vaults:4)
  4 sea snakes
  6 harpies
  A deep troll (Vaults:2)
  A hill giant (D:15)
  3 naga ritualists
  3 unseen horrors
  A deep elf conjurer (Elf:1)
  An ironbrand convoker (Vaults:2)
  A faun (Shoals:2)
  2 orc sorcerers
  3 griffons
  An ugly thing (Vaults:2)
  2 mana vipers (Snake:1)
  5 cyclopes
  2 sirens
  A slime creature (Vaults:1)
  3 water nymphs
  A guardian serpent (Snake:3)
  3 manticores
  A centaur zombie (D:14)
  2 centaur skeletons
  6 naga magi
  2 elephants (Lair:8)
  A gargoyle (D:15)
  11 black mambas
  14 yaktaurs
  A spiny frog (Lair:8)
  A komodo dragon (D:14)
  A fire drake (Lair:7)
  13 merfolk
  6 polar bears (Lair:8)
  2 blink frogs (Lair:8)
  2 two-headed ogres
  A raven (D:15)
  4 snapping turtles
  3 raiju (Lair:8)
  A vampire (D:15)
  A redback (Vaults:4)
  A water elemental (Shoals:1)
  A human (shapeshifter) (Vaults:2)
  10 yaks
  A deep elf mage (Elf:1)
  2 vampire mosquitoes (D:14)
  A basilisk (D:15)
  5 deep elf fighters
  A swamp worm (Lair:8)
  4 wargs (Lair:8)
  5 water moccasins
  11 wolves (Lair:8)
  A soldier ant (D:14)
  6 black bears (Lair:8)
  29 nagas
  5 orc warriors
  An ice beast (D:14)
  7 ogres
  2 centaurs
  5 crocodiles
  A brain worm (Lair:8)
  2 electric eels
  6 two-headed ogre zombies (Orc:1)
  7 hounds (Lair:8)
  3 hell rats
  2 worker ants (D:14)
  6 sheep
  3 river rats (Lair:7)
  A shadow imp (D:15)
  15 orcs
  A hobgoblin (Orc:1)
  3 jackals (Lair:8)
  A kobold (Vaults:2)
  3 fungi
  4 plants
316 creatures vanquished.

Vanquished Creatures (others)
  A deep elf demonologist (WizLab)
  The ghost of Xoff the Covert, a powerful GrFi of Nemelex Xobeh (Lair:6)
  A green death (WizLab)
  2 deep elf knights
  An unseen horror (D:14)
  An ice statue (IceCv)
  2 deep elf summoners (Elf:1)
  2 deep elf conjurers
  2 griffons
  A black mamba (Snake:2)
  An elephant (Lair:7)
  A manticore (Lair:3)
  A drowned soul (Shoals:1)
  A spiny frog (Lair:5)
  A komodo dragon (Lair:6)
  86 spectral weapons
  7 polar bears
  A deep elf mage (Elf:1)
  A wyvern (Lair:4)
  A ynoxinul (WizLab)
  2 hungry ghosts (Lab)
  16 yaks
  3 deep elf fighters (Elf:1)
  Menkaure (D:4)
  A naga (Lair:6)
  A water moccasin (Lair:3)
  6 wolves
  An ogre (Orc:3)
  A black bear (Lair:8)
  An orc priest (Orc:4)
  A river rat (Lair:3)
  A worm (D:4)
  4 orcs
  A giant cockroach (D:4)
  A kobold (D:4)
  11 fungi
  8 plants
  8 tentacles (Shoals:1)
  67 tentacle segments (Shoals:1)
250 creatures vanquished.

Grand Total: 2001 creatures vanquished

Notes
Turn   | Place    | Note
--------------------------------------------------------------
     0 | D:1      | Lugonue the High Elf Skald began the quest for the Orb.
     0 | D:1      | Reached XP level 1. HP: 14/14 MP: 4/4
   372 | D:1      | Reached skill level 4 in Charms
   372 | D:1      | Reached XP level 2. HP: 19/19 MP: 6/6
   709 | D:1      | Learned a level 2 spell: Shroud of Golubria
   804 | D:1      | Reached skill level 1 in Armour
   856 | D:1      | Reached XP level 3. HP: 24/24 MP: 8/8
  1226 | D:2      | Found an iron altar of Okawaru.
  1235 | D:2      | Became a worshipper of Warmaster Okawaru
  1871 | D:2      | Reached XP level 4. HP: 27/30 MP: 6/9
  1913 | D:3      | Noticed an ogre
  1925 | D:3      | Killed an ogre
  1925 | D:3      | Reached XP level 5. HP: 30/35 MP: 7/10
  1934 | D:3      | Acquired Okawaru's first power
  1934 | D:3      | Reached skill level 1 in Stealth
  1934 | D:3      | Reached skill level 1 in Translocations
  1989 | D:3      | Learned a level 3 spell: Regeneration
  1993 | D:3      | Learned a level 3 spell: Spectral Weapon
  2141 | D:3      | Found a glowing drain.
  2347 | D:3      | Noticed Sigmund
  2428 | D:3      | Reached XP level 6. HP: 31/41 MP: 5/11
  2630 | D:3      | Killed Sigmund
  2781 | D:3      | Noticed Jessica
  2788 | D:3      | Killed Jessica
  2788 | D:3      | Reached XP level 7. HP: 46/46 MP: 13/13
  2945 | D:4      | Reached skill level 5 in Dodging
  2990 | D:4      | Noticed Blork the orc
  3009 | D:4      | Killed Blork the orc
  3153 | D:4      | Reached skill level 5 in Charms
  3221 | D:4      | Noticed Grinder
  3256 | D:4      | Killed Grinder
  3256 | D:4      | Reached skill level 6 in Dodging
  3256 | D:4      | Reached XP level 8. HP: 51/53 MP: 5/14
  3278 | D:4      | Noticed Pikel
  3307 | D:4      | Killed Pikel
  3307 | D:4      | Reached skill level 7 in Dodging
  3307 | D:4      | Reached skill level 1 in Invocations
  3368 | D:4      | Killed Menkaure
  3705 | D:5      | Entered Level 5 of the Dungeon
  3814 | D:5      | Found a blossoming altar of Fedhas.
  3882 | D:5      | Found a burning altar of Makhleb.
  3883 | D:5      | Found a glowing silver altar of Zin.
  3883 | D:5      | Noticed an angel
  3884 | D:5      | Noticed a balrug
  4009 | D:5      | Noticed Dowan
  4010 | D:5      | Noticed Duvessa
  4023 | D:5      | Killed Duvessa
  4028 | D:5      | Killed Dowan
  4379 | D:5      | Reached XP level 9. HP: 42/58 MP: 14/16
  4626 | D:6      | Reached skill level 8 in Dodging
  5064 | D:7      | Found a staircase to the Ecumenical Temple.
  5137 | D:7      | Found a radiant altar of Vehumet.
  5430 | D:7      | Found a stormy altar of Qazlal.
  5455 | D:7      | Reached skill level 1 in Hexes
  5629 | D:7      | Reached skill level 5 in Spellcasting
  6010 | D:8      | Reached skill level 5 in Fighting
  6099 | D:8      | Reached skill level 9 in Dodging
  6586 | D:8      | Found an ancient bone altar of Kikubaaqudgha.
  6656 | D:8      | Reached XP level 10. HP: 45/66 MP: 18/20
  6753 | D:8      | Found a white marble altar of Elyvilon.
  6803 | D:8      | Learned a level 2 spell: Song of Slaying
  6844 | D:8      | Acquired Okawaru's second power
  6955 | D:8      | Found Fibidomp's Distillery.
  7496 | D:9      | Reached skill level 10 in Dodging
  7929 | D:10     | Entered Level 10 of the Dungeon
  8011 | D:10     | Reached skill level 5 in Translocations
  8299 | D:10     | Received a gift from Okawaru
  8546 | D:10     | Found a roughly hewn altar of Beogh.
  8992 | D:11     | Received a gift from Okawaru
  9084 | D:11     | Reached skill level 5 in Long Blades
  9088 | D:11     | Found a staircase to the Lair.
  9107 | D:11     | Reached skill level 11 in Dodging
  9107 | D:11     | Reached XP level 11. HP: 62/72 MP: 21/23
  9117 | D:11     | Found an opulent altar of Gozag.
  9227 | D:11     | Noticed an eight-headed hydra
  9418 | D:11     | Killed an eight-headed hydra
  9418 | D:11     | Received a gift from Okawaru
  9575 | D:11     | Noticed a white ugly thing
  9594 | D:11     | Killed a white ugly thing
  9633 | D:11     | Noticed a manticore
  9665 | D:11     | Killed a manticore
  9767 | Lair:1   | Entered Level 1 of the Lair of Beasts
  9800 | Lair:1   | Reached skill level 5 in Shields
  9993 | Lair:1   | Got a fine leather armour
 10004 | Lair:1   | Identified the +2 leather armour "Amurch" {rElec rF+++ Str+3 Dex-2} (You found it on level 1 of the Lair of Beasts)
 10596 | Lair:2   | Noticed a six-headed hydra
 11086 | Lair:2   | Reached skill level 10 in Spellcasting
 11098 | Lair:2   | Reached XP level 12. HP: 41/80 MP: 19/27
 11786 | D:12     | Found a staircase to the Orcish Mines.
 11818 | D:12     | Reached skill level 1 in Necromancy
 11975 | D:12     | Received a gift from Okawaru
 12795 | D:13     | Noticed a centaur warrior
 12797 | D:13     | Noticed Maurice
 12834 | D:13     | Killed Maurice
 12988 | D:13     | Noticed a centaur warrior
 13002 | D:13     | Killed a centaur warrior
 13045 | D:13     | Noticed Rupert
 13081 | D:13     | Killed a centaur warrior
 13081 | D:13     | Reached skill level 5 in Necromancy
 13167 | Orc:1    | Entered Level 1 of the Orcish Mines
 13172 | Orc:1    | Noticed Fannar
 13191 | D:12     | Upgraded the game from 0.17-a0-1164-g0ba867e to 0.17-a0-1174-ge06b3cc
 13197 | D:12     | Learned a level 4 spell: Control Undead
 13787 | Orc:1    | Killed Fannar
 13972 | Orc:1    | Noticed Gastronok
 14022 | Orc:1    | Killed Gastronok
 14762 | Orc:3    | Found Vacka's General Store.
 14816 | Orc:4    | Entered Level 4 of the Orcish Mines
 14887 | Orc:4    | Found a roughly hewn altar of Beogh.
 15112 | Orc:4    | Found a staircase to the Elven Halls.
 15285 | Orc:4    | Learned a level 5 spell: Cigotuvi's Embrace
 15292 | Orc:4    | Learned a level 6 spell: Death Channel
 15404 | Orc:4    | Noticed Saint Roka
 15431 | Orc:4    | Reached XP level 13. HP: 53/84 MP: 19/28
 15883 | Lair:2   | Reached skill level 10 in Long Blades
 16750 | Lair:3   | Found a staircase to the Shoals.
 16821 | Lair:3   | Learned a level 2 spell: Repel Missiles
 16824 | Lair:3   | Learned a level 2 spell: Swiftness
 17531 | Lair:4   | Received a gift from Okawaru
 18214 | Lair:4   | Noticed Urug
 18453 | Lair:5   | Found a frozen archway.
 18505 | IceCv    | Entered an ice cave
 18783 | IceCv    | Reached skill level 12 in Long Blades
 18888 | IceCv    | Noticed a frost giant
 19029 | IceCv    | Identified Vehumet's Disquisition on Battle Magic and Fire
 19039 | IceCv    | Got a transparent lapis lazuli ring
 19041 | IceCv    | Identified the ring "Qid Gawi" {rElec rF+ rC+} (You found it in an ice cave)
 19047 | IceCv    | Identified the Incunabulum of the Frostbite
 19573 | Lair:6   | Noticed Xoff's ghost (powerful GrFi)
 19606 | Lair:6   | Got a colourful robe
 19617 | Lair:6   | Identified the +2 robe of Seseex {rF+ Stlth+} (You found it on level 6 of the Lair of Beasts)
 20025 | Lair:6   | Found a staircase to the Snake Pit.
 20064 | Lair:6   | Banished Xoff's ghost
 20079 | Lair:6   | Reached XP level 14. HP: 86/95 MP: 18/29
 20232 | Lair:6   | Reached skill level 13 in Long Blades
 20238 | Lair:6   | Received a gift from Okawaru
 20246 | Lair:6   | Got an iridescent spear {god gift}
 20247 | Lair:6   | Identified the +5 spear of Lugonue's Valour {pierce, rPois} (Okawaru gifted it to you on level 6 of the Lair of Beasts)
 20535 | Lair:7   | Found a labyrinth entrance.
 20544 | Lab      | Entered a labyrinth
 20736 | Lab      | Gained mutation: You are partially covered in thin metallic scales (AC +2). [potion of mutation]
 20736 | Lab      | Gained mutation: You can spit weak poison. [potion of mutation]
 20736 | Lab      | Gained mutation: Your spells are a little easier to cast, but a little less powerful. [potion of mutation]
 21645 | Lair:8   | Entered Level 8 of the Lair of Beasts
 21797 | Lair:8   | Received a gift from Okawaru
 21838 | Lair:8   | Found a runed door.
 21838 | Lair:8   | Found a viscous altar of Jiyva.
 21838 | Lair:8   | Found a staircase to the Slime Pits.
 21838 | Lair:8   | Noticed an azure jelly
 21838 | Lair:8   | Noticed an azure jelly
 21838 | Lair:8   | Noticed an azure jelly
 21859 | Lair:8   | Killed an azure jelly
 21869 | Lair:8   | Killed an azure jelly
 21871 | Lair:8   | Killed an azure jelly
 22390 | Lair:8   | Received a gift from Okawaru
 22630 | Lair:8   | Reached skill level 10 in Fighting
 23729 | Orc:4    | Noticed a stone giant
 23757 | Orc:4    | Killed a stone giant
 23757 | Orc:4    | Received a gift from Okawaru
 23975 | Orc:4    | Reached skill level 10 in Necromancy
 23987 | Orc:4    | Reached XP level 15. HP: 96/104 MP: 11/32
 24059 | Orc:4    | Noticed Josephine
 24113 | Orc:4    | Killed Josephine
 24797 | Orc:4    | Killed Saint Roka
 24860 | Orc:4    | Noticed Snorg
 24878 | Orc:4    | Killed Snorg
 24927 | Orc:4    | Found Bugaenop's Book Shoppe.
 24927 | Orc:4    | Found Canoudu's Assorted Antiques.
 24931 | Orc:4    | Found Sowusane's General Store.
 24935 | Orc:4    | Found Oddihaw's Magic Scroll Shop.
 25320 | Orc:4    | Bought a scroll labeled WEIZXO JOADOE for 28 gold pieces
 25349 | Orc:4    | Learned a level 5 spell: Warp Weapon
 25805 | D:13     | Banished Rupert
 25818 | D:14     | Found a shadowy altar of Dithmenos.
 25856 | D:14     | Found a gate to the Vaults.
 25975 | D:14     | Noticed Sonja
 26175 | D:14     | Killed an unseen horror
 26574 | D:14     | Received a gift from Okawaru
 26770 | D:14     | Killed Sonja
 26964 | D:15     | Entered Level 15 of the Dungeon
 26987 | D:15     | Learned a level 3 spell: Recall
 27025 | D:15     | Reached skill level 14 in Spellcasting
 27091 | D:15     | Found Illiol's Armour Shoppe.
 27160 | D:15     | Bought the +2 leather armour "Feigaib" {rN+ rCorr Int+2} for 561 gold pieces
 27401 | D:15     | Found a staircase to the Depths.
 27743 | D:15     | Learned a level 5 spell: Phase Shift
 28041 | Lair:4   | Killed Urug
 28258 | Shoals:1 | Entered Level 1 of the Shoals
 28312 | Shoals:1 | Noticed a kraken
 28441 | Shoals:1 | Reached XP level 16. HP: 40/112 MP: 25/35
 28575 | Shoals:1 | Killed a kraken
 28732 | Shoals:1 | Received a gift from Okawaru
 29028 | Shoals:2 | Reached skill level 15 in Spellcasting
 29209 | Shoals:2 | Received a gift from Okawaru
 29215 | Shoals:2 | Got a transparent scale mail {god gift}
 29216 | Shoals:2 | Identified the +3 scale mail of the Hunter {rC+ MP+9 Dex+4} (Okawaru gifted it to you on level 2 of the Shoals)
 29509 | Shoals:3 | Reached skill level 5 in Armour
 29569 | Shoals:3 | Got a shimmering cloak
 29580 | Shoals:3 | Identified the +2 cloak of the Mantidfly {rElec Int+4 Stlth-} (You found it on level 3 of the Shoals)
 29732 | Shoals:4 | Entered Level 4 of the Shoals
 29732 | Shoals:4 | Found a blossoming altar of Fedhas.
 30453 | Orc:4    | Bought a book of Clouds for 585 gold pieces
 30468 | Orc:4    | Learned a level 3 spell: Mephitic Cloud
 30782 | Shoals:4 | Noticed Ilsuiw
 31396 | Shoals:3 | Gained mutation: You are frail (-10% HP). [mutagenic glow]
 31595 | Shoals:3 | Lost mutation: You are frail (-10% HP). [potion of cure mutation]
 31595 | Shoals:3 | Lost mutation: Your spells are a little easier to cast, but a little less powerful. [potion of cure mutation]
 31595 | Shoals:3 | Lost mutation: You can spit weak poison. [potion of cure mutation]
 31595 | Shoals:3 | Lost mutation: You are partially covered in thin metallic scales (AC +2). [potion of cure mutation]
 31625 | Shoals:3 | Killed Ilsuiw
 31637 | Shoals:3 | Reached skill level 1 in Air Magic
 32065 | Shoals:4 | Found Oshel's Food Boutique.
 32178 | Shoals:4 | Got a barnacled rune of Zot
 32211 | Shoals:4 | Found Feil's Food Shop.
 32250 | Shoals:4 | Found a bloodstained altar of Trog.
 32671 | Snake:1  | Entered Level 1 of the Snake Pit
 32873 | Snake:1  | Received a gift from Okawaru
 33193 | Snake:1  | Reached XP level 17. HP: 104/117 MP: 36/37
 33273 | Snake:2  | Found Raupo's Retail Resort.
 33291 | Snake:2  | Bought the amulet "Ruerrere" {rMut Slay+3} for 1072 gold pieces
 34200 | Snake:3  | Reached skill level 10 in Translocations
 34208 | Snake:4  | Entered Level 4 of the Snake Pit
 34313 | Snake:4  | Identified a scroll of acquirement
 34387 | Snake:4  | Found Fimoz's Jewellery Shop.
 34460 | Snake:4  | Received a gift from Okawaru
 34460 | Snake:4  | Reached skill level 5 in Air Magic
 34482 | Snake:4  | Noticed Jorgrun
 34518 | Snake:4  | Killed Jorgrun
 34527 | Snake:4  | Your ally Jorgrun died
 34537 | Snake:4  | Got a dazzling triple sword
 34538 | Snake:4  | Identified the +9 triple sword "Niclid" {freeze, +Fly rC+ Str-2} (You acquired it on level 4 of the Snake Pit)
 34857 | Snake:4  | Received a gift from Okawaru
 34923 | Snake:4  | Got a serpentine rune of Zot
 35609 | Vaults:1 | Entered Level 1 of the Vaults
 35661 | Vaults:1 | Reached skill level 10 in Armour
 36283 | Vaults:1 | Received a gift from Okawaru
 36300 | Vaults:1 | Reached XP level 18. HP: 72/124 MP: 38/38
 37030 | Vaults:2 | Found Fusiwu's Food Emporium.
 37659 | Vaults:3 | Reached skill level 15 in Long Blades
 37704 | Vaults:3 | Reached skill level 16 in Spellcasting
 37857 | Vaults:3 | Received a gift from Okawaru
 37982 | Vaults:3 | Found Hotujam's Weapon Emporium.
 38326 | Vaults:3 | Noticed Nikola
 38335 | Vaults:3 | Killed Nikola
 38504 | Vaults:4 | Found a magical portal.
 38513 | WizLab   | Entered The Hall of Qagammuu the Hellbinder
 38703 | WizLab   | Noticed Qagammuu
 38730 | WizLab   | Found a burning altar of Makhleb.
 38732 | WizLab   | Killed Qagammuu the Hellbinder
 38763 | WizLab   | Identified the Tome of Flamy Arcane Weapons (You found it in a wizard's laboratory)
 38799 | WizLab   | Identified the Grimoire of Slavery (You found it in a wizard's laboratory)
 38801 | WizLab   | Identified the Compendium of Companions
 39016 | Vaults:4 | Received a gift from Okawaru
 39164 | Vaults:4 | Reached skill level 17 in Spellcasting
 39164 | Vaults:4 | Reached XP level 19. HP: 38/129 MP: 32/41
 39226 | Vaults:4 | HP: 6/129 [redback (12)]
 39684 | Vaults:4 | Received a gift from Okawaru
 39945 | Vaults:4 | Paralysed by a great orb of eyes for 7 turns
 40041 | Vaults:4 | Got a slimy triple sword {god gift}
 40052 | Vaults:4 | Identified the +10 triple sword "Firhaz" {slice, rElec MP+9 Str-4} (Okawaru gifted it to you on level 4 of the Vaults)
 41191 | Snake:4  | Got a crystal long sword {god gift}
 41195 | Snake:4  | Identified the +2 long sword of Untimely Demise {slice, Int+5} (Okawaru gifted it to you on level 4 of the Snake Pit)
 41734 | Elf:1    | Entered Level 1 of the Elven Halls
 41846 | Elf:1    | Got a steaming scale mail
 41847 | Elf:1    | Identified the +5 scale mail of Happiness {rF+ rC- rCorr Int+5} (You found it on level 1 of the Elven Halls)
 42002 | Elf:1    | Reached skill level 18 in Spellcasting
 42458 | Elf:1    | Received a gift from Okawaru
 42658 | Elf:1    | Identified Yphol's Catalogue of Floating Combat Magic
 43191 | Elf:2    | Found a huge runed gate.
 43191 | Elf:2    | Found a huge runed gate.
 43191 | Elf:2    | Found a huge runed gate.
 43193 | Elf:2    | Found a huge runed gate.
 43199 | Elf:2    | Found a huge runed gate.
 43267 | Elf:2    | Slain by a deep elf blademaster

Vault maps used:
D:1:      nicolae_arrival_somewhat_less_tricky_arrival, hangedman_glass_teeth
D:2:      lemuel_coloured_pillars_altar, st_stairs_11, minmay_lizard_king
D:3:      gup_sewer_entry_spiral, uniq_sigmund, uniq_jessica
D:4:      first_bread, minmay_bisected, uniq_pikel, uniq_menkaure,
          uniq_blork_the_orc, uniq_grinder
D:5:      grunt_temple_overflow_order_and_chaos_2, fedhas_altar_1, uniq_duvessa
D:7:      nicolae_qazlal_style_of_elements, lemuel_doored_altar,
          minmay_temple_entry_statues_pillars
D:8:      kennysheep_mini_moat, lemuel_zombie_altar_kikubaaqudgha, serial_shops,
          kennysheep_mini, blue_anna_alchemist, minmay_misc_feat_chi,
          kennysheep_generic_room_12
D:9:      uniq_erolcha
D:10:     minmay_orc_keep
D:11:     minmay_lair_entry_lava, basic_altar, kennysheep_generic_room_7
D:12:     nrook_guardian_serpent_snake_passage, orc_0_dummy, minivault_27
D:13:     uniq_maurice, uniq_rupert
D:14:     evilmike_horseshoe, lightli_vaults_fourway_checkpoint,
          nicolae_dithmenos_the_darkroom, trove_entry_hex_spiral, uniq_sonja
D:15:     hangedman_depths_entry_civil_slaughter, serial_shops,
          nicolae_shop_waterfront
Lair:2:   serial_forest, infiniplex_forest_lined_1, infiniplex_forest_end_1,
          infiniplex_forest_clump_double, infiniplex_forest_lined_room_2,
          infiniplex_forest_split, grunt_megastairs_3
Lair:3:   minmay_shoals_entry_beasts, nicolae_lair_grove_arrangements,
          lemuel_fruit_tree, serial_bayou_shore_a
Lair:4:   beast_lair_carwin_9, uniq_urug
Lair:5:   portal_ice_cave_entry_pillars_02, beast_lair_carwin_5
Lair:6:   minmay_snake_entry_guardpost_small, grunt_megastairs_4,
          infiniplex_staircase_pool
Lair:7:   lab_entry_generic, bh_autumn_forest_stairs
Lair:8:   hangedman_lair_caniforms_friends, slime_altar_2,
          nicolae_quartered_pool_medium, worms_lemuel
Shoals:1: st_sunken_temple
Shoals:4: serial_shops, shop_statue, shop, shoals_end_simple,
          shoals_ilsuiw_alternative, hangedman_feature_mirror
Snake:2:  nicolae_alphabet_shops
Snake:3:  nicolae_cobra_stairs, hangedman_snake_thin_pillar_pass,
          lemuel_oklob_altar, grunt_megastairs_2
Snake:4:  minmay_snake_end_coiled, serial_shops, shop_fountains, uniq_jorgrun
Orc:1:    lemuel_ogre_cave, nicolae_orc_stony_grotto, uniq_fannar,
          uniq_gastronok
Orc:3:    serial_shops, shop_fountains, nicolae_orc_pool_cavern
Orc:4:    st_orc_elflike, basic_altar, nicolae_orc_damp_corner, uniq_saint_roka,
          uniq_josephine, uniq_snorg
Elf:1:    elf_arrival_002, minmay_elf_sorcery
Elf:2:    special_room, minmay_misc_feat_ornament
Vaults:1: grunt_vaults_funnel, v_misc_30, vaults_room_octagon, v_misc_17,
          dpeg_vaults_monster_box, hangedman_vaults_restitches,
          nicolae_vaults_little_squares_1, hangedman_vaults_nails, v_misc_32,
          grunt_vaults_hallway_short, ontoclasm_vaults_loading_screen,
          hangedman_vaults_impose
Vaults:2: nicolae_vaults_hallways_thing, nicolae_vaults_twisting_passages,
          hangedman_vaults_unwind, vaults_mumra_minichess_inversion,
          vaults_dpeg_hooks, vaults_room_fours, ontoclasm_vaults_ligature,
          vaults_mumra_hexcomb, ontoclasm_vaults_twist,
          ontoclasm_vaults_claustrophobia, vaults_dpeg_encased_lava,
          vaults_room_door_ring, v_alt_pattern_6, serial_shops, shop
Vaults:3: vaults_room_corners, vaults_room_large_hall, v_pattern_2,
          vaults_room_glass_cross, v_misc_10, grunt_vaults_hallway_long,
          minmay_crypt_entry_skeletal_spiral, hangedman_vaults_stagger,
          vaults_room_corners, v_misc_9, nicolae_vaults_shelves_hall,
          serial_shops, nicolae_shop_competitors_out_of_business, uniq_nikola
Vaults:4: vaults_room_boxed, v_misc_5, st_quartered_hall,
          vaults_room_grunt_arrival_ludios, nicolae_vaults_little_squares_3,
          v_misc_27, vaults_dpeg_cross, nicolae_vaults_rhombus_7,
          nicolae_vaults_little_squares_6, nicolae_vaults_shelves_hall,
          mu_enter_wizlab_3
Lab:      labyrinth_hidden_loot, nicolae_lab_hexagon,
          labyrinth_skeletal_remains, nicolae_lab_flowing_pool, lab_block,
          nicolae_lab_dead_end, nicolae_lab_grate_2, nicolae_lab_quarters
IceCv:    ice_cave_caverns_03
WizLab:   wizlab_demon

Action                   |  1- 3 |  4- 6 |  7- 9 | 10-12 | 13-15 | 16-18 | 19-21 || total
-------------------------+-------+-------+-------+-------+-------+-------+-------++-------
Melee: Falchion          |   140 |       |       |   169 |   826 |       |       ||  1135
       Dagger            |    39 |   138 |   502 |   478 |       |       |       ||  1157
       Rapier            |       |       |    11 |     6 |       |       |       ||    17
       Long sword        |       |       |       |   636 |  1347 |       |       ||  1983
       Great sword       |       |       |       |       |    63 |   605 |       ||   668
       Triple sword      |       |       |       |       |       |   584 |   187 ||   771
       Demon blade       |       |       |       |       |       |       |   309 ||   309
 Cast: Infusion          |     3 |     1 |       |     4 |    15 |       |       ||    23
       Shroud of Golubri |     8 |    11 |    27 |    96 |   124 |    69 |    17 ||   352
       Regeneration      |       |     1 |     3 |    38 |    65 |    63 |    24 ||   194
       Spectral Weapon   |       |       |     9 |    69 |   103 |    77 |    24 ||   282
       Control Undead    |       |       |       |     3 |     6 |     1 |       ||    10
       Song of Slaying   |       |       |       |     1 |       |       |       ||     1
       Cigotuvi's Embrac |       |       |       |       |    19 |     2 |       ||    21
       Repel Missiles    |       |       |       |       |     4 |     9 |     4 ||    17
       Death Channel     |       |       |       |       |    39 |    57 |     5 ||   101
       Warp Weapon       |       |       |       |       |     7 |       |     7 ||    14
       Phase Shift       |       |       |       |       |     3 |    68 |    20 ||    91
       Recall            |       |       |       |       |     3 |       |       ||     3
       Mephitic Cloud    |       |       |       |       |       |    45 |    33 ||    78
       Swiftness         |       |       |       |       |       |     1 |     1 ||     2
Invok: Heroism           |       |       |     7 |    15 |    23 |    28 |     6 ||    79
       Finesse           |       |       |       |     1 |     2 |     5 |       ||     8
 Abil: Evoke Invisibilit |       |       |       |     1 |       |       |       ||     1
       Stop Flying       |       |       |       |       |     1 |     2 |       ||     3
       Spit Poison       |       |       |       |       |     1 |       |       ||     1
       Evoke Flight      |       |       |       |       |     1 |     1 |       ||     2
Evoke: Wand              |       |       |     3 |    25 |    14 |     9 |       ||    51
       Phial of floods   |       |       |       |       |     2 |       |       ||     2
  Use: Scroll            |       |     8 |    14 |    15 |    22 |    13 |     7 ||    79
       Potion            |       |       |       |     2 |    10 |     7 |     5 ||    24
 Stab: Sleeping          |     2 |       |    16 |    17 |    17 |     2 |     1 ||    55
       Distracted        |       |     1 |     4 |    12 |    30 |    37 |     5 ||    89
       Invisible         |       |       |       |     2 |     2 |       |       ||     4
       Fleeing           |       |       |       |       |     4 |       |       ||     4
       Confused          |       |       |       |       |       |    23 |    23 ||    46
  Eat: Chunk             |     1 |       |     6 |    17 |    19 |    10 |     5 ||    58
       Meat ration       |     1 |       |     1 |     1 |     2 |     6 |     2 ||    13
       Pizza             |       |     1 |     1 |     1 |       |     6 |     1 ||    10
       Fruit             |       |       |     3 |     8 |    28 |     2 |       ||    41
       Beef jerky        |       |       |       |     4 |     5 |    16 |       ||    25
       Royal jelly       |       |       |       |     1 |       |     1 |       ||     2
       Bread ration      |       |       |       |       |     1 |       |       ||     1
